Map: Blackpink LE

Players

TIME (Oliveira)

  • Race: Terran Terran
  • Spawn Location: 1:00

Neeb - Winner!

  • Race: Protoss Protoss
  • Spawn Location: 7:00

Event: 2018 Hangzhou StarCraft Carnival

VOD

Have the link to the VOD?

Description

Time

  • Played on: April 29, 2018, 3:37 a.m.
  • Length: 13:16

All games in this series

Show
View Real Time Build Order
Export as new Build Order

TIME Terran 

Build Orders: MMM Bio 

Get SALT Encoding   

  12  0:00  SCV  
  13  0:13  SCV  
  14  0:18  Supply Depot  
  14  0:25  SCV  
  15  0:29  Refinery  
  15  0:39  SCV  
  16  0:45  Barracks  
  16  0:51  SCV  
  17  1:03  SCV  
  18  1:15  SCV  
  20  1:32  Reaper, Orbital Command  
  20  1:43  Command Center  
  20  1:56  Factory  
  20  1:59  SCV  
  21  2:07  Barracks Reactor  
  21  2:11  SCV  
  21  2:15  Supply Depot  
  22  2:17  Refinery  
  22  2:23  SCV  
  22  2:26  Barracks  
  23  2:36  SCV  
  24  2:39  Widow Mine  
  24  2:43  Marine x2  
  28  2:48  SCV  
  29  3:01  Marine x2  
  29  3:05  Orbital Command  
  31  3:09  SCV  
  31  3:10  Factory Tech Lab  
  32  3:13  Barracks Tech Lab, Orbital Command  
  32  3:14  Barracks  
  32  3:20  Marine  
  32  3:21  SCV, Marine  
  35  3:36  Supply Depot  
  35  3:41  Marine x3, Stimpack  
  37  3:43  SCV  
  37  3:46  SCV  
  40  3:55  SCV  
  41  3:58  SCV, Marine, Supply Depot  
  43  4:07  SCV, Engineering Bay  
  43  4:08  Combat Shields  
  43  4:09  Marine  
  45  4:10  SCV  
  45  4:12  Marine  
  45  4:13  Marine  
  45  4:16  Marine  
  49  4:19  SCV  
  49  4:22  Supply Depot  
  50  4:25  SCV  
  50  4:30  Factory Reactor, Starport  
  51  4:31  SCV  
  51  4:33  Terran Infantry Weapons Level 1  
  51  4:35  Marine  
  51  4:38  SCV  
  54  4:39  Marine  
  54  4:41  Marine  
  54  4:42  Marine  
  54  4:45  SCV  
  58  4:48  Refinery  
  58  4:51  Bunker  
  58  4:52  SCV  
  58  4:53  Marine  
  58  4:58  SCV  
  62  5:00  Marauder  
  62  5:01  Marauder  
  62  5:04  SCV  
  65  5:07  Supply Depot  
  65  5:12  Marine, Supply Depot  
  65  5:13  Marine, Supply Depot  
  67  5:16  SCV  
  67  5:19  SCV  
  69  5:29  Refinery, Medivac x2  
  69  5:30  Marine x2  
  69  5:33  Concussive Shells  
  69  5:34  SCV, Factory Reactor  
  76  5:35  SCV  
  76  5:39  Supply Depot  
  76  5:40  Marine x2  
  78  5:46  SCV  
  78  5:48  Marine x2  
  81  5:57  Marine  
  81  5:58  Marine, Medivac x2  
  87  6:06  Marauder  
  87  6:07  SCV x2, Marine  
  87  6:08  Supply Depot  
  92  6:16  Widow Mine x2  
  92  6:18  Marine  
  97  6:22  Supply Depot  
  94  6:26  Marauder  
  94  6:27  Marauder  
  94  6:29  Marine  
  98  6:35  Command Center  
  101  6:41  Viking  
  100  6:47  Marauder  
  100  6:55  Marine  
  100  6:56  Marauder  
  100  6:57  Liberator  
  100  6:58  SCV  
  103  7:06  Barracks  
  103  7:07  Liberator, Barracks  
  100  7:15  SCV  
  100  7:20  Marine x2  
  100  7:21  Marauder  
  94  7:24  Widow Mine x2  
  94  7:25  SCV  
  94  7:27  SCV, Terran Infantry Armor Level 1  
  94  7:28  Marine  
  104  7:38  Marine x2  
  104  7:39  SCV  
  104  7:42  Marauder  
  109  7:46  SCV, Engineering Bay  
  109  7:47  Marauder  
  109  7:48  Orbital Command  
  109  7:51  Armory  
  111  7:59  Barracks Tech Lab, Barracks Reactor  
  111  8:04  SCV, Marauder  
  99  8:06  Marine  
  99  8:07  Viking x2  
  99  8:08  Marauder  
  99  8:10  SCV  
  105  8:16  SCV x2  
  107  8:20  Marine, Supply Depot  
  107  8:21  Marauder  
  107  8:22  SCV  
  107  8:24  Marine  
  112  8:28  SCV x2  
  109  8:34  SCV  
  109  8:35  Marine, Marauder  
  109  8:38  Marine  
  109  8:39  Viking x2  
  109  8:40  SCV x2  
  117  8:43  Marine  
  117  8:44  Refinery  
  117  8:45  Refinery  
  117  8:47  SCV  
  116  8:52  SCV, Terran Infantry Weapons Level 2, Terran Ship Weapons Level 1  
  116  8:53  Marine  
  116  8:54  Marauder  
  116  8:55  Marine, Marauder  
  123  8:56  Marine  
  123  8:57  SCV  
  123  8:59  Starport  
  123  9:00  SCV  
  123  9:09  Viking  
  126  9:10  Marine x2, Viking  
  126  9:15  Marauder  
  126  9:16  Missile Turret, Supply Depot  
  126  9:17  Marauder  
  133  9:18  Supply Depot  
  133  9:22  Terran Infantry Armor Level 2  
  133  9:23  Marine x2  
  135  9:24  Marine  
  138  9:31  Marine  
  138  9:32  Ghost Academy  
  138  9:37  Viking  
  138  9:38  Supply Depot  
  143  9:40  Viking  
  143  9:41  Supply Depot  
  143  9:42  Marine  
  143  9:43  Viking  
  148  9:46  Viking  
  148  9:47  Marine  
  148  9:48  Marine  
  148  9:55  Marine  
  149  10:01  Ghost x3  
  149  10:02  Marine  
  156  10:07  Viking  
  156  10:09  Marine x2  
  156  10:10  Viking  
  156  10:13  Marine, Viking  
  165  10:16  Viking  
  165  10:20  Supply Depot  
  165  10:21  Marine  
  167  10:24  Supply Depot  
  167  10:26  Liberator  
  167  10:31  Marauder x2  
  167  10:34  Marine x2, Command Center  
  173  10:40  Marine  
  173  10:41  Supply Depot, Viking  
  173  10:42  Marauder  
  177  10:44  Marine  
  181  10:52  Marine x2, Supply Depot, Marauder  
  185  11:03  Marauder  
  186  11:05  Liberator  
  186  11:06  Marine  
  186  11:07  Liberator x2  
  186  11:09  Marine x2  
  186  11:10  Marauder  
  190  11:13  Marauder  
  181  11:22  Marine  
  181  11:23  Marine  
  181  11:24  Marauder  
  188  11:27  Liberator  
  186  11:37  Ghost x2  
  184  11:45  Marine x2  
  184  11:46  Marauder  
  182  11:48  Orbital Command  
  182  11:55  Marine x2  
  182  12:01  Liberator  
  184  12:02  Marine x2  
  184  12:06  Marauder  
  184  12:07  Marine, Marauder  
  189  12:13  Marine  
  184  12:21  Marine  
  184  12:24  Ghost  
  184  12:27  Ghost  
  188  12:33  Marine  
  188  12:35  Marine  
  188  12:36  Marine, Marauder  
  191  12:43  Marine  
  169  12:51  Marine  
  135  12:53  Marine x3, SCV x3  
  135  12:55  SCV, Refinery  
  135  12:56  Refinery  
  118  13:06  Command Center  
Show
View Real Time Build Order
Export as new Build Order

Neeb Protoss - Winner!

Build Orders: 1 Gate Expand, Colossus Rush 

Get SALT Encoding   

  12  0:00  Probe  
  13  0:12  Probe  
  14  0:18  Pylon  
  14  0:24  Probe  
  15  0:32  Probe  
  15  0:37  Gateway  
  15  0:40  Probe  
  16  0:47  Assimilator  
  17  0:51  Probe  
  18  1:03  Probe  
  19  1:15  Probe  
  20  1:22  Nexus  
  20  1:31  Cybernetics Core  
  20  1:34  Probe  
  20  1:39  Assimilator  
  21  1:46  Probe  
  22  1:53  Pylon  
  22  1:58  Probe  
  23  2:02  Adept  
  23  2:09  Warp Gate  
  23  2:11  Probe  
  26  2:21  Adept  
  26  2:23  Robotics Facility, Probe  
  29  2:30  Probe  
  29  2:35  Probe  
  31  2:38  Probe  
  32  2:46  Adept  
  32  2:48  Probe  
  32  2:49  Probe  
  36  3:00  Probe  
  36  3:01  Probe  
  36  3:04  Observer  
  38  3:06  Forge  
  38  3:12  Probe  
  40  3:14  Probe  
  40  3:15  Pylon  
  40  3:18  Gateway  
  41  3:24  Probe  
  41  3:25  Observer  
  41  3:26  Pylon, Probe  
  43  3:33  Protoss Ground Armor Level 1  
  44  3:36  Stalker, Probe  
  44  3:38  Probe  
  44  3:39  Assimilator  
  44  3:40  Assimilator  
  46  3:48  Probe  
  49  3:49  Observer x2  
  49  3:50  Probe  
  51  4:00  Probe  
  52  4:03  Probe  
  53  4:12  Probe  
  53  4:15  Probe  
  55  4:18  Robotics Bay  
  55  4:19  Immortal  
  59  4:25  Probe  
  59  4:26  Pylon  
  59  4:29  Gateway  
  59  4:30  Pylon  
  61  4:32  Shield Battery  
  61  4:36  Sentry  
  62  4:42  Pylon  
  62  4:49  Probe  
  62  4:50  Probe  
  64  4:53  Colossus  
  66  5:02  Sentry  
  68  5:09  Pylon  
  68  5:12  Nexus  
  72  5:14  Observer  
  72  5:15  Extended Thermal Lance  
  72  5:16  Observer  
  72  5:18  Probe  
  73  5:22  Probe  
  74  5:30  Probe  
  74  5:34  Probe  
  76  5:36  Protoss Ground Weapons Level 1  
  76  5:40  Colossus  
  76  5:42  Probe  
  77  5:44  Shield Battery  
  77  5:45  Pylon  
  77  5:46  Probe  
  84  5:51  Stalker x2  
  84  5:54  Probe  
  84  5:55  Stalker  
  91  6:02  Probe  
  92  6:07  Shield Battery  
  92  6:09  Twilight Council  
  92  6:10  Forge  
  92  6:11  Observer  
  92  6:16  Adept x2  
  95  6:18  Sentry  
  97  6:26  Probe x2  
  97  6:27  Probe  
  97  6:32  Assimilator  
  100  6:34  Assimilator  
  100  6:38  Probe x2  
  100  6:39  Probe  
  109  6:44  Stalker  
  109  6:45  Colossus, Stalker  
  113  6:52  Pylon  
  92  7:13  Stalker x3  
  92  7:16  Protoss Ground Armor Level 2  
  92  7:17  Probe  
  92  7:18  Probe x2  
  89  7:27  Assimilator  
  89  7:29  Probe  
  90  7:30  Probe x2  
  92  7:41  Colossus, Zealot, Probe  
  92  7:42  Zealot x2, Probe  
  92  7:43  Probe  
  101  7:45  Protoss Ground Weapons Level 2  
  101  7:46  Gateway  
  101  7:48  Gateway  
  101  7:51  Gateway  
  107  7:59  Observer  
  107  8:00  Probe  
  107  8:01  Probe  
  108  8:06  Probe  
  108  8:09  Cybernetics Core  
  108  8:10  Pylon  
  109  8:16  Pylon  
  109  8:21  Pylon  
  109  8:28  Probe  
  109  8:30  Nexus  
  109  8:31  Colossus, Pylon  
  108  8:35  Zealot x3  
  112  8:46  Probe  
  112  8:47  Probe  
  112  8:48  Probe  
  118  8:54  Gateway, Blink, Protoss Ground Armor Level 3  
  118  8:55  Gateway, Stalker  
  120  8:58  Stalker  
  122  9:07  Probe x2  
  122  9:08  Probe  
  125  9:17  Stalker x4  
  125  9:23  Probe  
  134  9:25  Probe x2  
  134  9:28  Observer  
  136  9:34  Observer  
  136  9:37  Probe x2  
  136  9:38  Probe  
  140  9:43  Stalker x3  
  140  9:45  Sentry x3  
  150  9:50  Pylon  
  152  10:07  Pylon x2  
  152  10:08  Colossus, Pylon, Assimilator  
  152  10:10  Assimilator  
  152  10:11  Stalker  
  159  10:22  Protoss Ground Weapons Level 3  
  159  10:24  Stalker x2  
  159  10:26  Pylon  
  159  10:27  Pylon  
  163  10:29  Probe x3  
  163  10:33  Stalker x3  
  170  10:44  Zealot x2  
  170  10:45  Zealot  
  170  10:48  Sentry x2  
  180  10:51  Colossus  
  180  10:52  Charge  
  186  11:04  Zealot x3  
  156  11:19  Stalker x2  
  156  11:20  Stalker x2  
  156  11:22  Stalker  
  162  11:33  Colossus  
  157  11:41  Stalker x3  
  157  11:46  Stalker x2  
  165  11:47  Stalker x2  
  165  11:49  Stalker  
  171  11:57  Pylon  
  165  12:18  Colossus  
  165  12:20  Stalker x5  
  165  12:21  Stalker x3  
  179  12:43  Stalker x5  
  179  12:44  Stalker x3  
  174  13:06  Stalker x6  
  174  13:07  Stalker x2  
Tags
 
Add a new tag
Caveats
  • Supply blocks, unpowered buildings, or Contaminate may cause inaccurate times.
  • Supply counts are checked every 10 seconds.